cohdb
Replays
Latest Replays
All Replays
Popular Replays
Top Player Replays
Match Explorer
How It Works
Community
CoH3 Stats
Reddit
Sign in to upload your games and track your stats! →
Sign in with Steam
Match 42093087
Unlisted
Match 42093087
Overview
Messages
Build Orders
End
Construct Section Command Post
Vickers Machine Gun Team
Dingo Light Scout Car
Dingo Light Scout Car
Infantry Section
Infantry Section
Construct Platoon Command Post
Selects Air and Sea Battlegroup
Selects Supply Surplus
Construct Resource Cache
Construct Resource Cache
CMP 15cwt Truck
Construct Company Command Post
Foot Guards Section
Selects UNKNOWN (223837)
Foot Guards Section
Unlock M3 Grant Medium Tanks
Construct Resource Cache
M3 Grant Medium Tank
Selects Naval Bombardment
Royal Engineer Section
M3 Grant Medium Tank
Selects Commando Section Paradrop
Selects M1 Pack Howitzer Paradrop
Commando Section Paradrop
Naval Bombardment
M3 Grant Medium Tank
Selects Anti-tank Rocket Loiter
Armored Vehicle Training
Construct Field Infirmary
HuckleBerryFish
tweaky
Saueee
Ace
0
0
Comments
sign in to comment!
No comments posted yet!